 Dungeon Crawl Stone Soup version 0.30.1-3-gfc49f6343a (webtiles) character file.

Game seed: 15367270219366982899

247 cdecastro the Cudgeller (level 5, -1/43 HPs)
             Began as an Armataur Warper on Aug 9, 2023.
             Slain by Grinder (3 damage)
             ... while paralysed by Grinder
             ... on level 3 of the Dungeon.
             The game lasted 00:05:11 (2231 turns).

cdecastro the Cudgeller (Armataur Warper)           Turns: 2231, Time: 00:05:12

Health: -1/43      AC:  7    Str: 18    XL:     5   Next: 85%
Magic:  7/7        EV:  1    Int: 13    God:
Gold:   143        SH:  0    Dex: 10    Spells: 7/7 levels left

rFire   . . .        a - +0 mace
rCold   . . .        (no shield)
rNeg    . . .        b - +0 leather armour
rPois   .            (no helmet)
rElec   .            (no cloak)
rCorr   .            m - +2 pair of gloves
SInv    .            (no barding)
Will    .....        (no amulet)
Stlth   +            (no ring)
HPRegen 0.27/turn    (no ring)
MPRegen 0.10/turn

%: roll
@: paralysed
A: large, rugged brown scales 3, deformed body, armoured tail, roll, long
tongue, awkward tongue
a: no special abilities


You were on level 3 of the Dungeon.
You visited 1 branch of the dungeon, and saw 3 of its levels.

You collected 143 gold pieces.

Inventory:

Hand Weapons
 a - a +0 mace (weapon)
Missiles
 d - 7 boomerangs of dispersal (quivered)
Armour
 b - a +0 leather armour (worn)
 m - a +2 pair of gloves (worn)
Jewellery
 l - a ring of positive energy
Scrolls
 c - a scroll of blinking
 f - a scroll of magic mapping {unknown}
 g - 3 scrolls of fog {unknown}
 h - 2 scrolls of torment {unknown}
 j - 3 scrolls of noise {unknown}
 k - a scroll of teleportation {unknown}
 n - 2 scrolls of identify {unknown}
Potions
 e - 4 potions of curing {unknown}
 i - a potion of resistance {unknown}
 o - a potion of mutation {unknown}
 p - 2 potions of berserk rage {unknown}


   Skills:
 - Level 1.7 Fighting
 + Level 5.7 Maces & Flails
 - Level 0.8 Throwing
 - Level 1.2 Armour
 - Level 1.3 Dodging
 - Level 1.7 Spellcasting
 - Level 3.0 Translocations


You had 7 spell levels left.
You didn't know any spells.
Your spell library contained the following spells:

 Spells                   Type           Power      Damage    Failure   Level
 Blink                    Tloc           16%        N/A       14%         2
 Lesser Beckoning         Tloc           16%        N/A       14%         2
 Teleport Other           Tloc           8%         N/A       26%         3
 Magic Dart               Conj           4%         1d3       30%         1
 Searing Ray              Conj           2%         2d4       43%         2
 Portal Projectile        Hex/Tloc       10%        N/A       45%         3
 Vhi's Electric Charge    Tloc/Air       10%        N/A       45%         3
 Manifold Assault         Tloc           8%         N/A       65%         4
 Call Canine Familiar     Summ           1%         N/A       67%         3
 Fulminant Prism          Conj/Hex       0%         3d5       97%         4
 Leda's Liquefaction      Hex/Erth       0%         N/A       97%         4
 Arcjolt                  Conj/Air       0%         1d10      100%        5
 Simulacrum               Ice/Necr       0%         N/A       100%        6
 Ozocubu's Refrigeration  Ice            0%         4d7       100%        7
 Maxwell's Capacitive Co  Air            0%         ∞         100%        8
 Polar Vortex             Ice            0%         N/A       100%        9


Dungeon Overview and Level Annotations

Branches:
Dungeon (3/15)

Altars:

Shops:
D:2 :

Annotations:
D:3 Grinder


Innate Abilities, Weirdness & Mutations

You are completely covered in rugged brown scales. (AC +3, +7% HP)
Armour fits poorly on your strangely shaped body.
You have a long armoured tail.
You roll when moving toward enemies. (Rampage)
Your long tongue fully drains potion bottles. (2x potion effects)
Your tongue gives you trouble enunciating. (1.5x scroll delay)


Message History

Pain shoots through your body!
* * * LOW HITPOINT WARNING * * *
Grinder hits you!
* * * LOW HITPOINT WARNING * * *
You writhe in agony.
* * * LOW HITPOINT WARNING * * *
You thump Grinder!
Your tail-slap misses Grinder.
Grinder is heavily wounded.
Grinder gestures at you.
You suddenly lose the ability to move!
Grinder hits you but does no damage.
You can move again.
Unknown command.
You completely miss Grinder.
Grinder is heavily wounded.
Grinder gestures at you.
You shrug off the repeated paralysis!
Unknown command.
You sock Grinder!
Grinder is severely wounded.
Grinder hits you.
* * * LOW HITPOINT WARNING * * *
You writhe in agony.
* * * LOW HITPOINT WARNING * * *
Unknown command.
Unknown command.
You aren't carrying any items that you can evoke.
Unknown command.
Unknown command.
You barely miss Grinder.
Grinder is severely wounded.
Grinder hits you.
* * * LOW HITPOINT WARNING * * *
Unknown command.
You hit Grinder.
Grinder is severely wounded.
Grinder gestures at you.
You suddenly lose the ability to move!
Grinder hits you.
You die...

..........# #########.# #.# #.#
##### #. #)# #...!
#.######.###### #....
#.............# #....
#.............##############....
#.............5@................
#.............##############....
#.............# #..........#....
#.............###........#.#.###
#................$..............
..........)...###........#.#....
###.........)..# #........#.#....
.........8.....###........#.##...
.................................


You could see Grinder.

Vanquished Creatures
  Sigmund (D:3)
  Natasha (D:3)
  An adder (D:2)
  A dart slug (D:3)
  An orc (D:3)
  8 ball pythons
  6 bats
  5 endoplasms
  5 giant cockroaches
  3 goblins
  3 hobgoblins
  7 kobolds
  2 quokkas
  3 frilled lizards
  4 rats
51 creatures vanquished.

Notes
Turn   | Place    | Note
-------+----------+-------------------------------------------
     0 | D:1      | cdecastro the Armataur Warper began the quest for the Orb.
     0 | D:1      | Reached XP level 1. HP: 18/18 MP: 3/3
    26 | D:1      | Reached skill level 2 in Maces & Flails
   112 | D:1      | Reached XP level 2. HP: 25/25 MP: 4/4
   171 | D:1      | Found a faded altar of an unknown god.
   243 | D:1      | Reached skill level 3 in Maces & Flails
   667 | D:1      | Reached XP level 3. HP: 31/31 MP: 5/5
   890 | D:2      | Found Nood's Book Shop.
  1685 | D:3      | Noticed Grinder
  1828 | D:3      | Noticed Natasha
  1833 | D:3      | Killed Natasha
  1834 | D:3      | Reached skill level 4 in Maces & Flails
  1834 | D:3      | Reached XP level 4. HP: 33/38 MP: 6/6
  2033 | D:3      | Noticed Sigmund
  2140 | D:3      | Killed Sigmund
  2141 | D:3      | Reached skill level 5 in Maces & Flails
  2141 | D:3      | Reached XP level 5. HP: 36/43 MP: 7/7
  2201 | D:3      | Paralysed by Grinder for 2 turns
  2216 | D:3      | Paralysed by Grinder for 5 turns
  2225 | D:3      | Paralysed by Grinder for 2 turns
  2229 | D:3      | HP: 2/43 [Grinder (5)]
  2230 | D:3      | Paralysed by Grinder for 5 turns
  2231 | D:3      | Slain by Grinder

Illustrated notes

Levels and vault maps discovered:
D:1:      lordsloth_arrival_two_stooges, layout_basic,
          dreamdust_ecumenical_altar_statues
D:2:      layout_basic, serial_shops, shop
D:3:      layout_basic, grunt_ministairs_1, uniq_terence, uniq_sigmund,
          uniq_grinder, uniq_natasha

Skill      XL: |  1  2  3  4 |
---------------+-------------+-----
Maces & Flails | 2 3 4 5 |  5.7
Fighting       | |  1.7
Throwing       | |  0.8
Armour         | |  1.2
Dodging        | |  1.3
Spellcasting   | |  1.7
Translocations | |  3.0

Action                     |  1- 3 |  4- 6 || total
---------------------------+-------+-------++-------
  Melee: Mace              |   121 |    40 ||   161
         Tailslap          |     9 |     3 ||    12
 Armour: Leather armour    |    54 |    13 ||    67
  Dodge: Dodged            |    60 |    15 ||    75
